 Dungeon Crawl Stone Soup version 0.18.1-6-gd335043 (webtiles) character file.

415242 mistymad the Warrior (level 22, 0/217 HPs)
             Began as a Minotaur Berserker on May 18, 2016.
             Was the Champion of Trog.
             Slain by a vault warden
             ... wielding a +2 vampiric battleaxe
              (17 damage)
             ... on level 5 of the Vaults.
             The game lasted 04:09:21 (54470 turns).

mistymad the Warrior (Minotaur Berserker)          Turns: 54470, Time: 04:09:22

Health: 0/217      AC: 35    Str: 24    XL:     22   Next: 54%
Magic:  31/31      EV: 24    Int:  4    God:    Trog [******]
Gold:   1932       SH:  0    Dex: 25    Spells: 0 memorised, 21 levels left

rFire  + . .     SeeInvis +     t - +14 obsidian axe {chop, +Fly Str+3 SInv *Curse}
rCold  + + +     Gourm    +     M - +2 plate armour {rPois}
rNeg   . . .     Faith    .     (no shield)
rPois  +         Spirit   .     (helmet restricted)
rElec  .         Dismiss  .     d - +0 cloak {rC+}
rCorr  +         Reflect  .     W - +2 pair of gloves
SustAt .         Harm     .     g - +2 pair of boots {Fly}
MR     +++..     Clarity  +     C - amulet of the gourmand
Stlth  ..........               S - ring "Udivaol" {rCorr rC+ Dex+4 Stlth+}
                                v - ring of protection from fire

@: flayed, mesmerised, very slightly contaminated, regenerating, extremely
resistant to hostile enchantments, extremely unstealthy
A: retaliatory headbutt, claws 1, horns 2, molten scales 1, rugged brown scales
1, yellow scales 1, clarity, cold resistance 1, poison resistance, screaming 1,
no device heal 1
a: Berserk, Trog's Hand, Brothers in Arms, Burn Spellbooks, Renounce Religion,
Evoke Flight
}: 2/15 runes: decaying, serpentine


You were on level 5 of the Vaults.
You worshipped Trog.
Trog was exalted by your worship.
You were completely stuffed.

You visited 7 branches of the dungeon, and saw 39 of its levels.
You visited the Abyss 2 times.
You also visited: Bailey and Ice Cave.

You collected 4748 gold pieces.
You spent 2816 gold pieces at shops.

Inventory:

Hand Weapons
 t - the +14 obsidian axe (weapon) {chop, +Fly Str+3 SInv *Curse}
   (You found it on level 2 of the Swamp)

   It inflicts extra damage upon your enemies.
   It affects your strength (+3).
   It lets you see invisible.
   It lets you fly.
   It may re-curse itself when equipped.
 N - the +10 hand axe "Giantslayer" {chop, +Fly rN+ Dex-5}
   (Trog gifted it to you on level 4 of the Lair of Beasts)

   It inflicts extra damage upon your enemies.
   It affects your dexterity (-5).
   It protects you from negative energy.
   It lets you fly.
Armour
 d - a +0 cloak of cold resistance (worn)
 g - a +2 pair of boots of flying (worn)
 M - a +2 plate armour of poison resistance (worn)
 Q - a +0 shield of protection (quivered)
 T - a +0 shield
 W - a +2 pair of gloves (worn)
Jewellery
 v - a ring of protection from fire (left hand)
 B - an uncursed amulet of regeneration {unknown}
 C - an amulet of the gourmand (around neck)
 O - an uncursed ring of positive energy
 S - the ring "Udivaol" (right hand) {rCorr rC+ Dex+4 Stlth+}
   (You bought it in a shop on level 13 of the Dungeon)

   [ring of resist corrosion]

   It affects your dexterity (+4).
   It protects you from cold.
   It makes you more stealthy.
Wands
 r - a wand of digging (8/24)
 u - a wand of heal wounds (0/9)
 L - a wand of iceblast (5/15)
Scrolls
 i - 15 scrolls of remove curse
 n - 12 scrolls of identify
 s - 5 scrolls of fear
 y - 4 scrolls of fog
 D - 5 scrolls of teleportation
 E - a scroll of summoning
 F - 6 scrolls of recharging
 G - 10 scrolls of enchant armour
 H - 3 scrolls of holy word
 K - 3 scrolls of blinking
 P - 8 scrolls of magic mapping
Potions
 e - 7 potions of mutation
 h - 5 potions of cancellation
 k - 4 potions of might
 l - 4 potions of magic
 m - 3 potions of heal wounds
 o - 5 potions of invisibility
 p - 6 potions of flight
 w - 11 potions of curing
 x - 3 potions of haste
 z - 8 potions of agility
 A - 3 potions of cure mutation
 I - 3 potions of resistance
 U - 2 potions of beneficial mutation
 X - 2 potions of ambrosia
Miscellaneous
 a - a phial of floods (inert)
 b - a fan of gales
 Z - a stone of tremors
Comestibles
 c - 26 bread rations
 j - a fruit
 q - 17 beef jerkies
 J - 21 meat rations
 R - 8 royal jellies
 V - 3 slices of pizza


   Skills:
 + Level 20.6 Fighting
 + Level 20.6 Axes
 + Level 20.6 Armour
 + Level 19.4 Dodging
 + Level 16.0 Shields
 + Level 13.9 Evocations


You had 21 spell levels left.
You didn't know any spells.

Dungeon Overview and Level Annotations

Branches:
Dungeon (15/15)            Temple (1/1) D:5            Lair (8/8) D:10
  Swamp (4/4) Lair:3        Snake (4/4) Lair:5        Slime (0/6) Lair:7
    Orc (2/2) D:11            Elf (0/3) Orc:2        Vaults (5/5) D:13
  Crypt (0/3) Vaults:2     Depths (0/5) D:15

Altars:
Ashenzari
Cheibriados
Dithmenos
Elyvilon
Fedhas
Gozag
Kikubaaqudgha
Makhleb
Nemelex Xobeh
Okawaru
Pakellas
Qazlal
Ru
Sif Muna
Trog
Vehumet
Xom
Yredelemnul
Zin
The Shining One
Jiyva

Shops:
D:7 :   D:9 (   D:10 *(:}   D:13 *   Orc:2 ???   Vaults:4 ((**?

Annotations:
Vaults:5 Saint Roka


Innate Abilities, Weirdness & Mutations

You reflexively headbutt those who attack you in melee.
You have a pair of horns on your head.
You have sharp fingernails.
You are partially covered in molten scales (AC +1).
You are partially covered in rugged brown scales (AC +1, +3% HP).
You are partially covered in yellow scales (AC +2).
You possess an exceptional clarity of mind.
Your flesh is cold resistant.
Your system is resistant to poisons.
You occasionally shout uncontrollably at your foes.
Potions and wands are less effective at restoring your health.


Message History

The red very ugly thing completely misses you.
Your chaos spawn hits the red very ugly thing.
Your chaos spawn freezes the red very ugly thing!
You break out of your daze!
The red very ugly thing dies!
Trog accepts your kill.
The deep elf archer unwields an uncursed morningstar.
The deep elf archer wields an uncursed shortbow.
The deep elf archer shoots an arrow.
The arrow hits you!
* * * LOW HITPOINT WARNING * * *
The vault guard misses you.
The ironbrand convoker points at the warg and mumbles some strange words.
The warg seems to grow stronger.
You are too injured to fight recklessly!
Drink which item? (? for menu, Esc to quit)
You feel better.
Visions of slaying the vault warden flood into your mind.
Your hellwing hits the deep elf archer! x2
The vault warden hits you with a vampiric battleaxe!
You die...

##############
#.(...........
#..).3........
#..)@#########
#..43p9Ch...
#..#ep##p###
#..#X## #..#D#
#..#uD #..#.#
#..#c# #.. .#


You could see an iron dragon, a storm dragon, a red very ugly thing, a vault
warden, a yaktaur captain, a vault guard, an ettin, a war gargoyle, a deep elf
archer, a large abomination, an ironbrand convoker, a warg, a friendly hellwing,
a friendly smoke demon and a friendly chaos spawn.

Vanquished Creatures
  2 ancient liches
  Mara (Vaults:2)
  Norris (Snake:4)
  A bone dragon (Abyss:3)
  Jorgrun (Swamp:2)
  A tentacled monstrosity (Vaults:5)
  Asterion (Snake:2)
  2 liches (Abyss:4)
  A titan (Vaults:5)
  A quicksilver dragon (Abyss:4)
  6 tentacled starspawn
  Frances (Snake:1)
  An ancient champion (Vaults:2)
  Agnes (D:14)
  2 thorn hunters
  3 tengu reavers
  A sphinx (Vaults:2)
  A shadow dragon (Vaults:5)
  Wiglaf (Vaults:3)
  2 storm dragons (Vaults:5)
  3 greater nagas (Snake:4)
  Maud (Lair:6)
  2 frost giants (Vaults:5)
  12 vault wardens
  A deep elf sorcerer (Vaults:3)
  A balrug (Abyss:3)
  A cacodemon (Abyss:3)
  3 fire giants
  2 deep elf elementalists
  2 war gargoyles (Vaults:5)
  An angel (Abyss:4)
  The ghost of NoLuckNoSkill the Eclecticist, a journeyman DECj of Vehumet (Snake:1)
  11 stone giants
  8 ironheart preservers
  5 very ugly things
  A salamander stormcaller (Vaults:5)
  3 deep elf demonologists
  2 eidola
  The ghost of pedritolo the Slicer, a journeyman SpEn of Fedhas (Snake:2)
  2 deep elf death magi
  A blizzard demon (Abyss:3)
  Snorg (Lair:7)
  4 ettins
  Josephine (Lair:6)
  A fire dragon (Vaults:2)
  25 vault guards
  A green death (Abyss:2)
  11 yaktaur captains
  3 great orbs of eyes
  Harold (Lair:3)
  An ice dragon (Lair:8)
  2 rakshasas
  10 centaur warriors
  15 hydras
  16 naga warriors
  7 ogre magi
  7 anacondas
  Erica (Orc:1)
  A ghost crab (Swamp:3)
  10 alligators
  An alligator (shapeshifter) (Vaults:2)
  2 death knights
  4 death yaks
  5 deep troll earth magi
  30 naga sharpshooters
  11 thrashing horrors
  2 deep troll shamans
  3 orc high priests (Orc:2)
  6 shock serpents
  A sun demon (Abyss:3)
  4 deep elf knights
  A soul eater (Vaults:2)
  2 salamander mystics
  3 hell knights (Abyss:3)
  2 shadow wraiths
  A skeletal warrior (D:14)
  A shadow demon (Abyss:2)
  A spatial maelstrom (Abyss:4)
  A storm dragon skeleton (Vaults:4)
  A quicksilver dragon simulacrum (Vaults:4)
  A fire crab (Vaults:3)
  7 wretched stars
  A spriggan druid (Swamp:4)
  10 swamp dragons
  15 deep trolls
  4 unseen horrors
  2 swamp dragons (shapeshifter) (Vaults:5)
  6 naga ritualists
  2 unseen horrors (shapeshifter)
  4 flayed ghosts
  2 lindwurms (Lair:8)
  A shambling mangrove (Swamp:4)
  13 ironbrand convokers
  6 deep elf archers
  A harpy (shapeshifter) (Vaults:2)
  8 hill giants
  4 phantasmal warriors (Vaults:5)
  A wizard (D:13)
  20 orc knights
  8 harpies
  23 deep elf magi
  11 mana vipers
  5 necromancers
  A mana viper (shapeshifter) (Vaults:4)
  8 orc sorcerers
  8 salamanders
  5 griffons
  20 ugly things
  3 wolf spiders
  7 cyclopes
  4 hornets
  A sixfirhy (Abyss:3)
  17 large abominations
  A guardian serpent (shapeshifter) (Vaults:1)
  11 elephants
  A frost giant skeleton (Vaults:4)
  A human skeleton (Vaults:4)
  5 guardian serpents
  2 apocalypse crabs
  6 orange demons
  7 torpor snails
  2 centaur zombies
  A fire giant skeleton (Vaults:4)
  33 black mambas
  7 smoke demons
  9 vault sentinels
  A spiny frog (shapeshifter) (D:14)
  24 naga magi
  5 centaur skeletons
  3 gargoyles
  25 spiny frogs
  6 rime drakes
  2 efreet
  7 komodo dragons
  4 kobold demonologists
  A komodo dragon (shapeshifter) (Vaults:3)
  29 yaktaurs
  A tengu conjurer (D:13)
  6 freezing wraiths
  A hellwing (Abyss:2)
  4 trolls
  5 ancient zymes
  A silent spectre (Abyss:3)
  A red devil (Abyss:3)
  8 giant leeches
  13 polar bears (IceCv)
  A jumping spider (shapeshifter) (Vaults:1)
  9 two-headed ogres
  7 raiju
  A harpy skeleton (D:14)
  6 bog bodies
  30 slime creatures
  22 blink frogs
  The ghost of bollicks1999 the Covert, an amateur OpAs of Dithmenos (D:3)
  An ettin zombie (Vaults:4)
  A fire giant simulacrum (Vaults:3)
  An ice dragon zombie (Abyss:4)
  5 redbacks
  An ettin skeleton (Vaults:3)
  13 spriggans
  2 fire elementals (D:14)
  2 shadows
  9 wraiths
  11 wyverns
  6 ynoxinuls
  A hill giant zombie (D:11)
  5 hogs (Swamp:2)
  A human (D:13)
  65 yaks
  12 hippogriffs
  2 hungry ghosts
  A steam dragon (Lair:2)
  2 basilisks (Lair:5)
  A hippogriff (shapeshifter) (Vaults:1)
  A chaos spawn (Abyss:3)
  A neqoxec (Abyss:2)
  9 insubstantial wisps
  21 vampire mosquitoes
  2 human simulacra
  4 mottled dragons
  15 swamp worms
  43 nagas
  3 spatial vortices (Abyss:4)
  7 wargs
  A hell hound (shapeshifter) (Vaults:5)
  A soldier ant (D:13)
  16 water moccasins
  11 porcupines
  A monstrous demonspawn skeleton (Abyss:3)
  36 orc warriors
  A giant eyeball (shapeshifter) (Vaults:5)
  2 ice beasts
  20 swamp drakes
  3 black bears
  20 starcursed masses
  4 sky beasts
  A black bear (shapeshifter) (Vaults:1)
  An eye of draining (shapeshifter) (Vaults:1)
  16 small abominations
  7 necrophages
  28 ogres
  6 phantoms
  2 eyes of draining
  25 wasps
  3 boggarts (D:14)
  17 wolves
  15 centaurs
  17 crocodiles
  A big kobold (D:12)
  A human zombie (Vaults:3)
  21 giant frogs
  A wyvern zombie (D:9)
  A deep troll simulacrum (Vaults:4)
  2 troll zombies (D:11)
  2 scorpions
  25 killer bees
  4 wights (D:13)
  2 electric eels
  5 crimson imps
  5 howler monkeys
  4 giant frog zombies
  5 lava snakes
  11 hounds
  21 orc priests
  4 quasits
  2 giant frog skeletons
  A gnoll shaman (D:9)
  6 jellies
  37 orc wizards
  6 iron imps
  15 iguanas
  18 worker ants
  14 sheep
  5 ogre zombies (D:11)
  3 hound skeletons
  2 hound zombies
  3 worker ant zombies
  9 gnolls
  A howler monkey skeleton (D:9)
  28 adders
  91 river rats
  3 shadow imps
  2 white imps
  3 ufetubi
  An ooze (D:2)
  2 adder zombies
  18 worms
  3 dart slugs
  6 giant geckos
  93 orcs
  6 bat zombies (D:6)
  6 giant cockroaches
  8 goblins
  6 hobgoblins
  13 jackals
  8 quokkas
  3 ball pythons
  9 bats
  A giant cockroach zombie (D:5)
  2 giant gecko skeletons
  5 giant newts
  2 goblin skeletons (D:11)
  2 hobgoblin skeletons (D:11)
  3 hobgoblin zombies (D:11)
  A jackal zombie (D:7)
  9 kobolds
  2 orc skeletons (D:11)
  16 orc zombies (D:11)
  A quokka skeleton (D:6)
  A quokka zombie (D:6)
  5 rats
  A rat zombie (D:6)
  3 briar patches (Swamp:4)
  A crawling corpse (Vaults:5)
  12 fungi
  A lurking horror (Abyss:4)
  14 plants
  6 starspawn tentacles
  A starspawn tentacle segment (Abyss:3)
1971 creatures vanquished.

Vanquished Creatures (collateral kills)
  A lich (Abyss:4)
  A sphinx (Vaults:3)
  3 tentacled starspawn (Abyss:3)
  Kirke (Swamp:2)
  2 greater nagas (Snake:4)
  2 frost giants
  A very ugly thing (Vaults:5)
  A stone giant (Vaults:3)
  4 ironheart preservers
  A deep elf annihilator (Vaults:2)
  A fire dragon (Vaults:3)
  3 vault guards (Vaults:5)
  3 yaktaur captains
  A rakshasa (Vaults:1)
  14 hydras
  An ogre mage (Vaults:1)
  2 ice dragons
  A catoblepas (D:14)
  A great orb of eyes (Vaults:2)
  3 centaur warriors
  2 alligators (Swamp:3)
  A naga sharpshooter (Snake:4)
  2 large abominations
  2 swamp dragons
  2 ironbrand convokers
  A hill giant (D:13)
  A phantasmal warrior (Vaults:4)
  A necromancer (Vaults:4)
  An orc knight (Vaults:1)
  A griffon (Vaults:1)
  A cyclops (Orc:2)
  3 ugly things (Vaults:1)
  4 deep elf magi
  A manticore (D:13)
  A salamander (Snake:2)
  A centaur zombie (D:14)
  2 vault sentinels
  A naga mage (D:15)
  2 orange demons (Abyss:3)
  2 spiny frogs
  An ice statue (IceCv)
  A molten gargoyle (D:14)
  6 yaktaurs
  A freezing wraith (Vaults:2)
  An ancient zyme (Abyss:4)
  A red devil (Abyss:3)
  3 polar bears (IceCv)
  A troll (shapeshifter) (Vaults:1)
  2 two-headed ogres
  2 bog bodies (Swamp:3)
  A boulder beetle (Vaults:3)
  3 raiju
  2 blink frogs (Abyss:3)
  3 slime creatures
  A redback (D:13)
  A shadow (Swamp:1)
  A tarantella (Vaults:4)
  A wyvern (Lair:8)
  A water elemental (D:13)
  2 yaks (IceCv)
  2 vampire mosquitoes
  A chaos spawn (Abyss:4)
  A neqoxec (Abyss:4)
  A warg (Vaults:3)
  A swamp worm (Swamp:3)
  2 porcupines
  4 orc warriors
  3 wasps
  2 eyes of draining (shapeshifter)
  2 ogres
  An ogre (shapeshifter) (D:14)
  2 wolves (IceCv)
  A crocodile (Lair:7)
  A giant frog (Lair:4)
  A gnoll sergeant (D:13)
  3 electric eels (D:13)
  A lava snake (D:14)
  A crimson imp (D:14)
  3 starcursed masses (Abyss:3)
  4 orc wizards
  3 small abominations
  2 gnolls (D:13)
  An ufetubus (Abyss:2)
  6 orcs
  A plant (Lair:5)
  3 starspawn tentacles (Abyss:3)
167 creatures vanquished.

Vanquished Creatures (others)
  A fire giant (Vaults:4)
  A stone giant (Vaults:5)
  A vault guard (Vaults:5)
  A naga warrior (Snake:4)
  A hell hog (Abyss:3)
  A deep elf archer (Vaults:5)
  A deep elf mage (Vaults:4)
  An orc sorcerer (D:15)
  An insubstantial wisp (Swamp:3)
  A naga (Snake:4)
  3 orc wizards
  An orc (Orc:2)
  A briar patch (Swamp:4)
  93 fungi
  A lurking horror (Abyss:3)
  67 plants
  15 starspawn tentacles
  296 starspawn tentacle segments
487 creatures vanquished.

Grand Total: 2625 creatures vanquished

Notes
Turn   | Place    | Note
--------------------------------------------------------------
     0 | D:1      | mistymad the Minotaur Berserker began the quest for the Orb.
     0 | D:1      | Reached XP level 1. HP: 19/19 MP: 0/0
    91 | D:1      | Reached XP level 2. HP: 18/27 MP: 1/1
   666 | D:2      | Reached XP level 3. HP: 33/33 MP: 2/2
   754 | D:2      | Reached ** piety under Trog
  1419 | D:3      | Reached XP level 4. HP: 39/40 MP: 3/3
  1477 | D:3      | Reached skill level 5 in Axes
  1677 | D:3      | Reached *** piety under Trog
  1930 | D:3      | Noticed bollicks1999's ghost (amateur OpAs)
  1948 | D:3      | Killed bollicks1999's ghost
  1948 | D:3      | Reached XP level 5. HP: 47/47 MP: 4/4
  1948 | D:3      | Reached XP level 6. HP: 55/55 MP: 5/5
  2016 | D:3      | Found a glowing golden altar of the Shining One.
  2127 | D:3      | Reached skill level 5 in Fighting
  2522 | D:4      | Found a sacrificial altar of Ru.
  2826 | D:4      | Reached XP level 7. HP: 61/61 MP: 6/6
  2916 | D:5      | Entered Level 5 of the Dungeon
  2936 | D:5      | Received a gift from Trog
  3008 | D:5      | Found a staircase to the Ecumenical Temple.
  3028 | Temple   | Entered the Ecumenical Temple
  3426 | D:5      | Reached skill level 5 in Armour
  3758 | D:6      | Reached skill level 5 in Dodging
  3760 | D:6      | Reached **** piety under Trog
  3763 | D:6      | Reached XP level 8. HP: 71/71 MP: 7/7
  3819 | D:6      | Found an ancient bone altar of Kikubaaqudgha.
  4053 | D:6      | Identified the Guide on the Gliding Frostbite
  4605 | D:7      | Found a blossoming altar of Fedhas.
  4678 | D:7      | Reached XP level 9. HP: 46/81 MP: 8/8
  5063 | D:7      | Gained mutation: Your spells are a little harder to cast, but a little more powerful. [mutagenic meat]
  5064 | D:7      | Gained mutation: You have sharp fingernails. [mutagenic meat]
  5065 | D:7      | Gained mutation: Armour fits poorly on your strangely shaped body. [mutagenic meat]
  5144 | D:7      | Found Ecoaraim's Book Shop.
  5560 | D:8      | Reached ***** piety under Trog
  6627 | D:9      | Found Pefoh's Antique Weapon Emporium.
  6666 | D:9      | Reached skill level 10 in Axes
  6808 | D:9      | Reached XP level 10. HP: 67/91 MP: 9/9
  6834 | D:9      | Found a glowing silver altar of Zin.
  7726 | D:9      | You fall through a shaft!
  7726 | D:10     | Entered Level 10 of the Dungeon
  7730 | D:10     | Found Qepimem's Book Shoppe.
  7734 | D:10     | Found Suotim's Gadget Shop.
  7869 | D:10     | Gained mutation: Potions and wands are less effective at restoring your health. [mutagenic meat]
  7870 | D:10     | Gained mutation: You are partially covered in rugged brown scales (AC +1, +3% HP). [mutagenic meat]
  7871 | D:10     | Gained mutation: You have a pair of large horns on your head. [mutagenic meat]
  7898 | D:10     | Found a staircase to the Lair.
  7984 | D:10     | Reached skill level 10 in Fighting
  8419 | D:10     | Reached skill level 10 in Armour
  8493 | D:10     | Found Ypeane's Weapon Shop.
  8520 | D:10     | Received a gift from Trog
  8809 | D:10     | Found Mostrocu's General Store.
  8820 | D:10     | Bought a scroll of magic mapping for 45 gold pieces
  8820 | D:10     | Bought a scroll of identify for 26 gold pieces
  8994 | D:11     | Noticed a hill giant
  9008 | D:11     | Killed a hill giant
  9011 | D:11     | Reached XP level 11. HP: 104/104 MP: 10/10
  9297 | D:11     | Found a staircase to the Orcish Mines.
  9328 | D:11     | Noticed a purple ugly thing
  9348 | D:11     | Killed a purple ugly thing
  9374 | D:11     | Gained mutation: You are partially covered in molten scales (AC +1). [mutagenic meat]
  9375 | D:11     | Gained mutation: Your mind is acute. (Int +2) [mutagenic meat]
  9376 | D:11     | Gained mutation: You are resistant to hostile enchantments. [mutagenic meat]
  9772 | D:11     | Noticed a hill giant
  9779 | D:11     | Killed a hill giant
  9805 | D:11     | Noticed a hill giant
  9815 | D:11     | Killed a hill giant
  9957 | D:11     | Reached skill level 10 in Dodging
 10316 | Lair:1   | Entered Level 1 of the Lair of Beasts
 12208 | Lair:2   | Received a gift from Trog
 12208 | Lair:2   | Reached XP level 12. HP: 107/115 MP: 11/11
 12451 | Lair:2   | Noticed a six-headed hydra
 12457 | Lair:2   | Killed a nine-headed hydra
 13354 | Lair:3   | Noticed a six-headed hydra
 13366 | Lair:3   | Killed a six-headed hydra
 13413 | Lair:3   | Noticed Harold
 13434 | Lair:3   | Killed Harold
 13814 | Lair:3   | Found a staircase to the Swamp.
 14275 | Lair:4   | Found a frozen archway.
 14284 | IceCv    | Entered an ice cave
 14753 | IceCv    | Noticed a frost giant
 14785 | IceCv    | Reached XP level 13. HP: 91/125 MP: 12/12
 14799 | IceCv    | Killed a frost giant
 15359 | Lair:4   | Reached skill level 1 in Evocations
 15421 | Lair:4   | Received a gift from Trog
 15483 | Lair:4   | Got a jewelled hand axe {god gift}
 15701 | Lair:4   | Identified the +10 hand axe "Giantslayer" {chop, +Fly rN+ Dex-5} (Trog gifted it to you on level 4 of the Lair of Beasts)
 16709 | Lair:5   | Received a gift from Trog
 17506 | Lair:5   | Found a staircase to the Snake Pit.
 18803 | Lair:6   | Noticed Maud
 18814 | Lair:6   | Killed Maud
 19038 | Lair:6   | Noticed Josephine
 19056 | Lair:6   | Killed Josephine
 19828 | Lair:7   | Reached XP level 14. HP: 119/136 MP: 15/15
 20197 | Lair:7   | Received a gift from Trog
 20755 | Lair:7   | Found a staircase to the Slime Pits.
 20756 | Lair:7   | Found a viscous altar of Jiyva.
 20781 | Lair:7   | Noticed Snorg
 20806 | Lair:7   | Killed Snorg
 21812 | Lair:8   | Entered Level 8 of the Lair of Beasts
 22458 | Lair:8   | Reached skill level 5 in Evocations
 22621 | Lair:8   | Reached skill level 15 in Axes
 22837 | Lair:8   | Found a runed door.
 23134 | Lair:8   | Received a gift from Trog
 23134 | Lair:8   | Reached skill level 15 in Fighting
 23463 | Lair:8   | Reached skill level 15 in Armour
 23782 | Lair:8   | Reached ****** piety under Trog
 23812 | Lair:8   | Received a gift from Trog
 24812 | Lair:1   | Identified a scroll of acquirement
 25185 | Orc:1    | Entered Level 1 of the Orcish Mines
 25185 | Orc:1    | Noticed Erica
 25194 | Orc:1    | Killed Erica
 25194 | Orc:1    | Reached skill level 1 in Shields
 25252 | Orc:1    | Reached XP level 15. HP: 145/145 MP: 18/18
 25287 | Orc:1    | Found a flagged portal.
 25309 | Bailey   | Entered a bailey
 25404 | Bailey   | Received a gift from Trog
 25802 | Orc:1    | Found a deep blue altar of Sif Muna.
 25971 | Orc:1    | Identified Sif Muna's Tome of Displacement
 26234 | Orc:2    | Entered Level 2 of the Orcish Mines
 26234 | Orc:2    | Found a staircase to the Elven Halls.
 26829 | Orc:2    | Received a gift from Trog
 27484 | Orc:2    | Found Nadghucs's Magic Scroll Shoppe.
 27484 | Orc:2    | Found Efuarghi's Magic Scroll Shop.
 27502 | Orc:2    | Found Joefeina's Food Shoppe.
 27502 | Orc:2    | Found Lakhiut's Magic Scroll Shop.
 27697 | Orc:2    | Bought a scroll of magic mapping for 56 gold pieces
 27697 | Orc:2    | Bought a scroll of magic mapping for 56 gold pieces
 27697 | Orc:2    | Bought a scroll of magic mapping for 56 gold pieces
 27701 | Orc:2    | Bought 2 fruits for 33 gold pieces
 27701 | Orc:2    | Bought a meat ration for 55 gold pieces
 27701 | Orc:2    | Bought 2 fruits for 33 gold pieces
 27701 | Orc:2    | Bought a beef jerky for 16 gold pieces
 27701 | Orc:2    | Bought a royal jelly for 22 gold pieces
 27701 | Orc:2    | Bought a beef jerky for 16 gold pieces
 27701 | Orc:2    | Bought a bread ration for 55 gold pieces
 27701 | Orc:2    | Bought a meat ration for 55 gold pieces
 27701 | Orc:2    | Bought a bread ration for 55 gold pieces
 27701 | Orc:2    | Bought a beef jerky for 16 gold pieces
 27701 | Orc:2    | Bought a bread ration for 55 gold pieces
 27701 | Orc:2    | Bought a meat ration for 55 gold pieces
 27702 | Orc:2    | Bought a scroll of acquirement for 676 gold pieces
 27702 | Orc:2    | Bought a scroll of identify for 26 gold pieces
 27702 | Orc:2    | Bought a scroll of identify for 26 gold pieces
 27702 | Orc:2    | Bought a scroll of enchant armour for 97 gold pieces
 27702 | Orc:2    | Bought 2 scrolls of magic mapping for 91 gold pieces
 27707 | Orc:2    | Got a translucent tin ring
 27716 | Orc:2    | Identified the ring "Nujefoqu" {+Fly Stlth+} (You acquired it on level 2 of the Orcish Mines)
 27720 | Orc:2    | Bought 2 scrolls of identify for 48 gold pieces
 27720 | Orc:2    | Bought a scroll of identify for 24 gold pieces
 27720 | Orc:2    | Bought a scroll of identify for 24 gold pieces
 27720 | Orc:2    | Bought a scroll of identify for 24 gold pieces
 28188 | Orc:2    | Received a gift from Trog
 28662 | D:12     | Got an encrusted war axe
 28665 | D:12     | Identified the cursed +0 war axe "Koaplie" {pain, rC+} (You found it on level 12 of the Dungeon)
 29659 | D:13     | Gained mutation: You are mostly covered in molten scales (AC +3, EV -1). [mutagenic meat]
 29661 | D:13     | Gained mutation: You have supernaturally acute eyesight. [mutagenic meat]
 29814 | D:13     | Received a gift from Trog
 29861 | D:13     | Lost mutation: You have a pair of large horns on your head. [mutagenic meat]
 29862 | D:13     | Gained mutation: You have sharp toenails. [mutagenic meat]
 29863 | D:13     | Lost mutation: Your spells are a little harder to cast, but a little more powerful. [mutagenic meat]
 29867 | D:13     | Gained mutation: You are weak. (Str -2) [mutagenic meat]
 30007 | D:13     | Found Jilama's Assorted Antiques.
 30026 | D:13     | Bought a vibrating marble ring for 115 gold pieces
 30030 | D:13     | Identified the ring "Udivaol" {rCorr rC+ Dex+4 Stlth+} (You bought it in a shop on level 13 of the Dungeon)
 30417 | D:13     | Found a gate to the Vaults.
 30488 | D:13     | Reached skill level 5 in Shields
 31129 | D:14     | Noticed a fire giant
 31133 | D:14     | Noticed a frost giant
 31133 | D:14     | Noticed a fire giant
 31511 | D:14     | Found a runed gate.
 31511 | D:14     | Found a runed gate.
 31511 | D:14     | Found a runed gate.
 31532 | D:14     | Killed a fire giant
 31534 | D:14     | Killed a frost giant
 31534 | D:14     | Reached XP level 16. HP: 96/155 MP: 20/20
 31563 | D:14     | Received a gift from Trog
 31786 | D:14     | Noticed Agnes
 31797 | D:14     | Killed Agnes
 32169 | D:14     | Found a runed gate.
 32169 | D:14     | Found a runed gate.
 32169 | D:14     | Found a runed gate.
 32465 | D:14     | Lost mutation: Armour fits poorly on your strangely shaped body. [mutagenic meat]
 32467 | D:14     | Lost mutation: You have supernaturally acute eyesight. [mutagenic meat]
 32468 | D:14     | Gained mutation: Your spells are a little harder to cast, but a little more powerful. [mutagenic meat]
 32469 | D:14     | Gained mutation: Your natural rate of healing is unusually fast. [mutagenic meat]
 32797 | D:15     | Entered Level 15 of the Dungeon
 32892 | D:15     | Reached skill level 15 in Dodging
 33055 | D:15     | Identified the Grimoire of Dark Execration (You found it on level 15 of the Dungeon)
 33405 | D:15     | Received a gift from Trog
 33420 | D:15     | Cast into level 2 of the Abyss (an ogre mage)
 33420 | Abyss:2  | Found a corrupted altar of Lugonu.
 33490 | Abyss:2  | Got a twisted dagger
 33578 | Abyss:3  | Found a corrupted altar of Lugonu.
 33578 | Abyss:3  | Found a corrupted altar of Lugonu.
 33655 | Abyss:4  | Identified the +9 dagger "Zaceweub" {freeze, *Rage +Rage MR++ SInv} (You found it on level 2 of the Abyss)
 33667 | D:15     | Escaped the Abyss
 33668 | D:15     | Found a staircase to the Depths.
 33969 | D:15     | Got an ichor-stained ring mail
 33981 | D:15     | Identified the +7 ring mail of the Ward {-Cast rPois rF++ Dex+4} (You found it on level 15 of the Dungeon)
 34525 | Snake:1  | Entered Level 1 of the Snake Pit
 34692 | Snake:1  | Noticed NoLuckNoSkill's ghost (journeyman DECj)
 34720 | Snake:1  | Killed NoLuckNoSkill's ghost
 34972 | Snake:1  | Noticed Frances
 34975 | Snake:1  | Gained mutation: You tend to lose your temper in combat. [a neqoxec]
 34987 | Snake:1  | Killed Frances
 36077 | Snake:2  | Noticed Asterion
 36092 | Snake:2  | Killed Asterion
 36211 | Snake:2  | Noticed pedritolo's ghost (journeyman SpEn)
 36268 | Snake:2  | Killed pedritolo's ghost
 37279 | Snake:3  | Reached XP level 17. HP: 161/164 MP: 22/22
 37307 | Snake:3  | Received a gift from Trog
 38052 | Snake:3  | Lost mutation: You tend to lose your temper in combat. [mutagenic meat]
 38474 | Snake:3  | Received a gift from Trog
 38810 | Snake:3  | Lost mutation: You are weak. (Str -2) [mutagenic meat]
 38811 | Snake:3  | Gained mutation: Your muscles are strong. (Str +2) [mutagenic meat]
 38812 | Snake:3  | Lost mutation: Your muscles are strong. (Str +2) [mutagenic meat]
 38813 | Snake:3  | Lost mutation: You have sharp toenails. [mutagenic meat]
 38814 | Snake:3  | Lost mutation: Your spells are a little harder to cast, but a little more powerful. [mutagenic meat]
 38815 | Snake:3  | Lost mutation: Your mind is acute. (Int +2) [mutagenic meat]
 39152 | Snake:4  | Entered Level 4 of the Snake Pit
 39241 | Snake:4  | Received a gift from Trog
 39694 | Snake:4  | Noticed Norris
 39740 | Snake:4  | Killed Norris
 40582 | Snake:4  | Reached skill level 10 in Shields
 40794 | Snake:4  | Received a gift from Trog
 40967 | Snake:4  | Reached XP level 18. HP: 136/175 MP: 24/24
 41138 | Snake:4  | Received a gift from Trog
 41200 | Snake:4  | Got a serpentine rune of Zot
 41812 | Swamp:1  | Entered Level 1 of the Swamp
 41833 | Swamp:1  | Reached skill level 10 in Evocations
 42630 | Swamp:2  | Noticed Jorgrun
 42652 | Swamp:2  | Killed Jorgrun
 43469 | Swamp:2  | Noticed Kirke
 43476 | Swamp:2  | Received a gift from Trog
 43487 | Swamp:2  | Killed Kirke
 43504 | Swamp:2  | Got a pitted hunting sling {god gift}
 44989 | Swamp:4  | Entered Level 4 of the Swamp
 45169 | Swamp:4  | Received a gift from Trog
 45749 | Swamp:4  | Got a decaying rune of Zot
 46225 | Vaults:1 | Entered Level 1 of the Vaults
 46333 | Vaults:1 | Lost mutation: You are mostly covered in molten scales (AC +3, EV -1). [mutagenic meat]
 46334 | Vaults:1 | Lost mutation: You are resistant to hostile enchantments. [mutagenic meat]
 46337 | Vaults:1 | Gained mutation: Your system is resistant to poisons. [mutagenic meat]
 46497 | Vaults:1 | Reached XP level 19. HP: 177/184 MP: 26/26
 46605 | Vaults:1 | Received a gift from Trog
 47031 | Vaults:1 | Gained mutation: You are clumsy. (Dex -2) [mutagenic meat]
 47032 | Vaults:1 | Gained mutation: You have a pair of large horns on your head. [mutagenic meat]
 47033 | Vaults:1 | Gained mutation: You are frail (-10% HP). [mutagenic meat]
 47034 | Vaults:1 | Gained mutation: You tend to lose your temper in combat. [mutagenic meat]
 47037 | Vaults:1 | Lost mutation: You have a pair of large horns on your head. [mutagenic meat]
 47057 | Vaults:1 | Received a gift from Trog
 47666 | Vaults:2 | Noticed Mara
 47678 | Vaults:2 | Killed Mara
 47875 | Vaults:2 | Paralysed by a great orb of eyes for 6 turns
 47885 | Vaults:2 | Received a gift from Trog
 48175 | Vaults:2 | Found a staircase to the Crypt.
 48430 | Vaults:2 | Lost mutation: You are clumsy. (Dex -2) [mutagenic meat]
 48431 | Vaults:2 | Gained mutation: Your body sometimes deteriorates upon taking damage. [mutagenic meat]
 48432 | Vaults:2 | Gained mutation: Your mind is acute. (Int +2) [mutagenic meat]
 48433 | Vaults:2 | Gained mutation: You possess an exceptional clarity of mind. [mutagenic meat]
 49125 | Vaults:3 | Noticed Wiglaf
 49130 | Vaults:3 | Received a gift from Trog
 49142 | Vaults:3 | Killed Wiglaf
 49142 | Vaults:3 | Reached XP level 20. HP: 139/175 MP: 27/27
 49242 | Vaults:3 | Gained mutation: Your spells are a little easier to cast, but a little less powerful. [mutagenic meat]
 49243 | Vaults:3 | Lost mutation: Your body sometimes deteriorates upon taking damage. [mutagenic meat]
 50339 | Vaults:3 | Received a gift from Trog
 50469 | Vaults:3 | Cast into level 2 of the Abyss (a deep elf demonologist)
 50732 | Abyss:2  | Found a corrupted altar of Lugonu.
 50786 | Abyss:2  | Lost mutation: You possess an exceptional clarity of mind. [mutagenic meat]
 50787 | Abyss:2  | Lost mutation: You tend to lose your temper in combat. [mutagenic meat]
 50789 | Abyss:2  | Gained mutation: You have very sharp fingernails. [mutagenic meat]
 50790 | Abyss:2  | Gained mutation: You occasionally shout uncontrollably at your foes. [mutagenic meat]
 50794 | Abyss:2  | Gained mutation: You are partially covered in yellow scales (AC +2). [mutagenic meat]
 50796 | Abyss:2  | Lost mutation: You have very sharp fingernails. [mutagenic meat]
 50806 | Abyss:2  | Lost mutation: You are frail (-10% HP). [mutagenic meat]
 51006 | Abyss:3  | Noticed a bone dragon
 51026 | Abyss:3  | Killed a bone dragon
 51671 | Abyss:4  | Reached XP level 21. HP: 191/204 MP: 29/29
 51686 | Abyss:4  | Received a gift from Trog
 51975 | Abyss:4  | Noticed an ancient lich
 51983 | Abyss:4  | Killed an ancient lich
 52114 | Abyss:4  | Paralysed by a lich for 3 turns
 52219 | Vaults:3 | Escaped the Abyss
 52296 | Vaults:3 | Got a pitted war axe {god gift}
 52298 | Vaults:3 | Identified the +9 war axe of Corporal Punishment {chop, MR- Str+4 Int-3 Dex+8} (Trog gifted it to you on level 3 of the Vaults)
 52534 | Vaults:4 | Found Fack's Weapon Shoppe.
 52605 | Vaults:4 | Received a gift from Trog
 52759 | Vaults:4 | Found Hooseunu's Assorted Antiques.
 52760 | Vaults:4 | Found Ecsur's Weapon Boutique.
 52767 | Vaults:4 | Bought a scroll of identify for 82 gold pieces
 52767 | Vaults:4 | Bought a pair of embroidered gloves for 184 gold pieces
 52880 | Vaults:4 | Gained mutation: Your flesh is cold resistant. [mutagenic meat]
 52991 | Vaults:4 | Reached skill level 15 in Shields
 53208 | Vaults:4 | Found Biczanie's Magic Scroll Emporium.
 53253 | Vaults:4 | Bought a scroll of remove curse for 57 gold pieces
 53253 | Vaults:4 | Bought a scroll of remove curse for 57 gold pieces
 53253 | Vaults:4 | Bought a scroll of summoning for 180 gold pieces
 53253 | Vaults:4 | Bought a scroll of enchant armour for 142 gold pieces
 53253 | Vaults:4 | Bought a scroll of magic mapping for 66 gold pieces
 53259 | Vaults:4 | Found Cigeycs's Assorted Antiques.
 53267 | Vaults:4 | Bought a potion of agility for 192 gold pieces
 54120 | Vaults:5 | Entered Level 5 of the Vaults
 54120 | Vaults:5 | Noticed an ancient lich
 54130 | Vaults:5 | Received a gift from Trog
 54140 | Vaults:5 | Killed an ancient lich
 54146 | Vaults:5 | Reached XP level 22. HP: 215/215 MP: 31/31
 54188 | Vaults:5 | Received a gift from Trog
 54301 | Vaults:5 | Lost mutation: Your spells are a little easier to cast, but a little less powerful. [mutagenic meat]
 54302 | Vaults:5 | Gained mutation: You possess an exceptional clarity of mind. [mutagenic meat]
 54304 | Vaults:5 | Lost mutation: Your natural rate of healing is unusually fast. [mutagenic meat]
 54305 | Vaults:5 | Lost mutation: Your mind is acute. (Int +2) [mutagenic meat]
 54345 | Vaults:5 | Noticed Saint Roka
 54470 | Vaults:5 | Slain by a vault warden

Skill      XL: |  1  2  3  4  5  6  7  8  9 10 11 12 13 14 15 16 17 18 19 20 21 22 |
---------------+-------------------------------------------------------------------+-----
Axes           | 4 6 7 8 10 11 12 13 14 15 16 17 18 19 20 | 20.6
Fighting       | 4 5 6 7 9 10 12 13 14 15 16 17 18 19 20 | 20.6
Armour         | 3 4 5 7 8 10 11 13 14 15 16 17 18 19 20 | 20.6
Dodging        | 3 4 5 6 7 9 10 11 13 14 15 16 17 18 19 | 19.4
Evocations     | 3 6 7 8 9 10 11 12 13 | 13.9
Shields        | 1 5 8 10 11 13 14 15 16 | 16.0

Action                   |  1- 3 |  4- 6 |  7- 9 | 10-12 | 13-15 | 16-18 | 19-21 | 22-24 || total
-------------------------+-------+-------+-------+-------+-------+-------+-------+-------++-------
Melee: Hand axe          |    94 |   142 |   390 |   918 |  1536 |  1604 |       |       ||  4684
       Headbutt          |    13 |    42 |   107 |   253 |   376 |   496 |   381 |    53 ||  1721
       Broad axe         |       |       |       |       |       |   347 |  1182 |   150 ||  1679
Invok: Berserk           |       |     1 |     3 |     8 |     9 |     7 |     4 |     1 ||    33
       Burn Spellbooks   |       |       |     1 |       |     6 |     3 |       |       ||    10
       Brothers in Arms  |       |       |       |     3 |    12 |     3 |       |       ||    18
       Trog's Hand       |       |       |       |     2 |     5 |    13 |     6 |     3 ||    29
 Abil: Evoke Flight      |       |       |       |       |     2 |       |       |       ||     2
       Stop Flying       |       |       |       |       |       |       |     1 |       ||     1
Evoke: Sack of spiders   |       |       |       |     1 |     2 |     6 |       |       ||     9
       Disc of storms    |       |       |       |       |     1 |       |       |       ||     1
       Wand              |       |       |       |       |     6 |     4 |     4 |     4 ||    18
       Phial of floods   |       |       |       |       |     3 |     3 |     4 |     1 ||    11
       Fan of gales      |       |       |       |       |       |     3 |     2 |       ||     5
       Stone of tremors  |       |       |       |       |       |     1 |     1 |       ||     2
  Use: Scroll            |       |       |    10 |     6 |    22 |    13 |     8 |     2 ||    61
       Potion            |       |       |       |       |     1 |     2 |       |     7 ||    10
 Stab: Distracted        |       |       |       |       |     2 |     9 |    19 |     1 ||    31
       Held in net/web   |       |       |       |       |       |     1 |       |       ||     1
       Sleeping          |       |       |       |       |       |     1 |       |       ||     1
       Confused          |       |       |       |       |       |     7 |       |       ||     7
  Eat: Chunk             |     2 |     5 |    19 |    43 |    75 |    57 |    91 |    11 ||   303
       Fruit             |       |       |       |       |       |    12 |       |       ||    12
       Royal jelly       |       |       |       |       |       |     3 |       |       ||     3
       Bread ration      |       |       |       |       |       |     1 |       |       ||     1
       Pizza             |       |       |       |       |       |     1 |       |       ||     1
Armor: Animal skin       |     3 |       |       |       |       |       |       |       ||     3
       Ring mail         |    43 |    23 |    75 |   161 |    21 |     3 |       |       ||   326
       Plate armour      |       |       |       |       |   407 |   589 |   225 |    87 ||  1308
Dodge: Dodged            |    76 |    64 |   340 |   802 |   913 |  1032 |   654 |   157 ||  4038
Block: Buckler           |       |       |       |       |   118 |    76 |       |       ||   194
       Shield            |       |       |       |       |       |   759 |   665 |    43 ||  1467
